 Dungeon Crawl Stone Soup version 0.28-a0-1555-g9ae15a6949 (webtiles) character file.

Game seed: 9349859028184648587

72 knot the Chopper (level 4, 49/52 HPs)
             Began as a Demonspawn Berserker on Jan 18, 2022.
             Was a Believer of Trog.
             Quit the game on level 2 of the Dungeon.
             The game lasted 00:01:16 (1739 turns).

knot the Chopper (Demonspawn Berserker)             Turns: 1739, Time: 00:01:17

Health: 49/52      AC:  9    Str: 17    XL:     4   Next: 7%
Magic:  4/4        EV: 11    Int: 10    God:    Trog [**....]
Gold:   117        SH:  0    Dex: 13    Spells: 3/3 levels left

rFire   . . .      SeeInvis .   a - +0 hand axe
rCold   . . .      Faith    .   (no shield)
rNeg    . . .      Spirit   .   l - +0 ring mail
rPois   .          Reflect  .   (no helmet)
rElec   .          Harm     .   f - +2 cloak
rCorr   .          Rampage  .   g - +0 pair of gloves
Will    .....                   (no boots)
Stlth   ..........              (no amulet)
HPRegen 0.17/turn               (no ring)
MPRegen 0.09/turn               (no ring)

@: berserking (expiring), mildly poisoned (49 -> 44), very quick
A: claws 1, demonic magic 1
a: Renounce Religion, Berserk, Trog's Hand


You were on level 2 of the Dungeon.
You worshipped Trog.
Trog was pleased with you.
You visited 1 branch of the dungeon, and saw 2 of its levels.

You collected 117 gold pieces.

Inventory:

Hand Weapons
 a - a +0 hand axe (weapon)
Missiles
 c - 111 stones (quivered)
 i - 29 sling bullets
 j - 2 poisoned darts
Armour
 f - a +2 cloak (worn)
 g - a +0 pair of gloves (worn)
 l - a +0 ring mail (worn)
Jewellery
 k - a ring of flight
Scrolls
 d - a scroll of enchant weapon {unknown}
 e - a scroll of identify {unknown}
 h - a scroll of teleportation {unknown}


   Skills:
 - Level 3.0 Fighting
 + Level 4.5 Axes
 - Level 1.7 Armour
 - Level 1.7 Dodging


You had 3 spell levels left.
You didn't know any spells.
Your spell library was empty.

Dungeon Overview and Level Annotations

Branches:
Dungeon (2/15)

Altars:

Shops:
D:1 (


Innate Abilities, Weirdness & Mutations

You have sharp fingernails.
Spells you cast may paralyse adjacent enemies.


Message History

You barely miss the worm.
The endoplasm quivers.
You slash the worm!
The worm is moderately wounded.
The worm closely misses you.
You barely miss the worm.
The worm is moderately wounded.
The worm bites you.
A red film seems to cover your vision as you go berserk!
You feel yourself moving faster!
You feel mighty!
You slash the worm!
The worm is almost dead.
The worm barely misses you.
You slash the worm!
You kill the worm!
Trog accepts your kill.
You slash the rat!
You kill the rat!
Trog accepts your kill.
You closely miss the kobold. You barely miss the kobold.
The kobold barely misses you.
You slash the kobold!
You kill the kobold!
Trog accepts your kill.
You slash the endoplasm!
You kill the endoplasm!
Trog accepts your kill.
You slash the adder!
The adder is severely wounded.
The adder bites you.
You are poisoned.
The adder poisons you!
You hit the adder.
You kill the adder!
Trog accepts your kill.
You feel sick.
You have reached level 4!
You feel agile.
Your demonic ancestry asserts itself...
A menacing aura infuses your magic.
Are you sure you want to abandon this character and quit the game? (Confirm with "yes".)

.. ..##### ..#
.....[ ..# #....
#.# #.... #.# ...
#.# . ..####)###.#
#......@...###
##..........†###
###.......#...#
####....###.#####.#
####.# #†......#
..###.#######
..#...# ...#(###
##.#.#


There were no monsters in sight!

Vanquished Creatures
  An adder (D:2)
  A worm (D:2)
  4 dart slugs
  3 ball pythons (D:1)
  6 bats
  5 endoplasms
  4 giant cockroaches
  3 goblins
  4 hobgoblins
  4 jackals (D:1)
  7 kobolds
  A frilled lizard (D:1)
  7 rats
50 creatures vanquished.

Vanquished Creatures (others)
  A hobgoblin (D:1)
1 creature vanquished.

Grand Total: 51 creatures vanquished

Notes
Turn   | Place    | Note
-------+----------+-------------------------------------------
     0 | D:1      | knot the Demonspawn Berserker began the quest for the Orb.
     0 | D:1      | Reached XP level 1. HP: 18/18 MP: 1/1
   146 | D:1      | Reached skill level 3 in Axes
   194 | D:1      | Gained mutation: You have sharp fingernails. [demonic
                  | ancestry]
   194 | D:1      | Reached XP level 2. HP: 21/24 MP: 2/2
   721 | D:1      | Reached XP level 3. HP: 27/29 MP: 3/3
   848 | D:1      | Found Inat Tur's Weapon Emporium.
   867 | D:1      | Reached skill level 4 in Axes
   948 | D:1      | Reached ** piety under Trog
  1080 | D:1      | Found a faded altar of an unknown god.
  1739 | D:2      | Gained mutation: Spells you cast may paralyse adjacent
                  | enemies. [demonic ancestry]
  1739 | D:2      | Reached XP level 4. HP: 35/35 MP: 4/4
  1739 | D:2      | Quit the game

Illustrated notes

Levels and vault maps discovered:
D:1:      lemuel_arrival_rhombus, layout_loops_ring,
          hellmonk_ecumenical_altar_inner_sanctum, serial_shops, shop,
          st_stairs_7
D:2:      minmay_recursive_quarters, layout_loops_ring, uniq_natasha

Skill      XL: |  1  2  3 |
---------------+----------+-----
Axes           | 3 4 |  4.5
Fighting       | |  3.0
Armour         | |  1.7
Dodging        | |  1.7

Action                   |  1- 3 |  4- 6 || total
-------------------------+-------+-------++-------
Melee: Hand axe          |   142 |       ||   142
Invok: Berserk           |     2 |       ||     2
 Stab: Sleeping          |     2 |       ||     2
       Distracted        |     1 |       ||     1
Armor: Animal skin       |    60 |       ||    60
       Ring mail         |     3 |       ||     3
Dodge: Dodged            |    80 |       ||    80

Table legend: (Time is in decaauts)
 A = Elapsed time spent in this place.
 B = Non-inter-level travel time spent in this place.
 C = Inter-level travel time spent in this place.
 D = Time resting spent in this place.
 E = Time spent auto-exploring this place.
 F = Levels seen in this place.
 G = Mean time per level.
                   A        B        C        D        E       F      G
               +--------+--------+--------+--------+--------+-----+--------+
         Total |   1763 |   1736 |     27 |    187 |   1214 |   2 |  881.5 |
       Dungeon |   1763 |   1736 |     27 |    187 |   1214 |   2 |  881.5 |
               +--------+--------+--------+--------+--------+-----+--------+

Top non-repeatable levels by time:
     D:1: 1240 daAuts
     D:2: 522 daAuts
